[Event "57th Biel Festival ATO 2024"]
[Site "Biel"]
[Date "2024.07.16"]
[Round "1.24"]
[White "Christoffersen, Odd"]
[Black "Buntschu, Kurt"]
[Result "1/2-1/2"]
[ECO "B52"]
[WhiteElo "1676"]
[BlackElo "1868"]
[Annotator "NA RC"]
[PlyCount "54"]
[EventDate "2024.07.03"]
[EventType "swiss"]
[EventCountry "SUI"]
[SourceTitle "playchess.com"]
[Source "ChessBase"]
[SourceQuality "1"]
[TimeControl "40/5400+30:1800+30"]

1. e4 c5 2. Nf3 d6 3. Bb5+ Bd7 4. Bxd7+ Qxd7 5. O-O Nf6 6. Qe2 Nc6 7. c3 g6 8. d4 cxd4 9. cxd4 Bg7 10. Bd2 Rc8 11. d5 Nb8 12. Nc3 O-O 13. Rfd1 Rfe8 14. h3 Qd8 15. Be3 a6 16. Qd2 Nbd7 17. Nd4 Ne5 18. b3 Qa5 19. Rac1 Rc7 20. f3 Rec8 21. Nce2 Qxd2 22. Bxd2 Ned7 23. Be3 Kf8 24. Kf1 Rxc1 25. Bxc1 Nc5 26. Be3 Ke8 27. Ke1 Kd8 1/2-1/2

[Event "57th Biel Festival ATO 2024"]
[Site "Biel"]
[Date "2024.07.16"]
[Round "1.25"]
[White "Keymer, Cecilia"]
[Black "Ademi, Rexhe"]
[Result "1/2-1/2"]
[ECO "E62"]
[WhiteElo "1865"]
[BlackElo "1635"]
[Annotator "NA RC"]
[PlyCount "131"]
[EventDate "2024.07.03"]
[EventType "swiss"]
[EventCountry "SUI"]
[SourceTitle "playchess.com"]
[Source "ChessBase"]
[SourceQuality "1"]
[TimeControl "40/5400+30:1800+30"]

1. d4 Nf6 2. c4 g6 3. g3 Bg7 4. Bg2 O-O 5. Nc3 c6 6. Nf3 d6 7. e4 Qa5 8. Bd2 Qb6 9. Qc1 Bg4 10. Be3 Bxf3 11. Bxf3 Nbd7 12. O-O c5 13. dxc5 dxc5 14. Bg2 Ng4 15. Rb1 Nxe3 16. Qxe3 Bd4 17. Qc1 Ne5 18. Nd5 Qd8 19. b3 e6 20. Nf4 Qf6 21. Qc2 Rad8 22. Ne2 Nc6 23. Rbd1 e5 24. Nxd4 Nxd4 25. Qd3 Rd6 26. Qe3 Rfd8 27. f4 exf4 28. gxf4 Nc2 29. Rxd6 Qxd6 30. Qf2 Qd4 31. Qxd4 cxd4 32. Rd1 d3 33. Kf2 b6 34. Bf1 Nb4 35. a3 Nc2 36. Rxd3 Rxd3 37. Bxd3 Nxa3 38. Ke3 Kf8 39. Kd4 a6 40. Kc3 b5 41. cxb5 Nxb5+ 42. Bxb5 axb5 43. Kb4 Ke8 44. Kxb5 Kd7 45. Kc5 Kc7 46. e5 h5 47. b4 h4 48. h3 Kd7 49. Kb6 Ke6 50. Kc6 Kf5 51. b5 Kxf4 52. b6 Kxe5 53. b7 f5 54. b8=Q+ Ke4 55. Qe8+ Kf3 56. Qxg6 f4 57. Qg4+ Ke3 58. Qxh4 f3 59. Qg3 Ke2 60. h4 f2 61. Qxf2+ Kxf2 62. h5 Kf3 63. h6 Ke4 64. h7 Kf3 65. h8=Q Ke4 66. Kc5 1/2-1/2

[Event "57th Biel Festival ATO 2024"]
[Site "Biel"]
[Date "2024.07.16"]
[Round "1.26"]
[White "Moon, Sunwoong"]
[Black "Bracher, Juerg"]
[Result "0-1"]
[ECO "D02"]
[WhiteElo "1661"]
[BlackElo "1864"]
[Annotator "NA RC"]
[PlyCount "74"]
[EventDate "2024.07.03"]
[EventType "swiss"]
[EventCountry "SUI"]
[SourceTitle "playchess.com"]
[Source "ChessBase"]
[SourceQuality "1"]
[TimeControl "40/5400+30:1800+30"]

1. d4 d5 2. Bf4 c6 3. e3 Nf6 4. Nf3 Bg4 5. Nbd2 e6 6. h3 Bh5 7. Qc1 Bd6 8. Bxd6 Qxd6 9. c4 Nbd7 10. Qc3 Rc8 11. Ne5 O-O 12. c5 Qc7 13. f4 Nxe5 14. fxe5 Nd7 15. e4 b6 16. b4 a5 17. a3 Ra8 18. Bd3 f6 19. bxa5 bxc5 20. g4 cxd4 21. Qxd4 fxe5 22. Qc3 Bg6 23. Rc1 c5 24. exd5 exd5 25. Bxg6 hxg6 26. Qd3 Qc6 27. h4 e4 28. Qh3 Ne5 29. Rb1 Nd3+ 30. Ke2 Nf4+ 31. Kd1 Nxh3 32. Rxh3 Qa4+ 33. Kc1 Qd4 34. h5 e3 35. Nb3 Rf1+ 36. Kc2 Rf2+ 37. Kc1 Qc3+ 0-1

[Event "57th Biel Festival ATO 2024"]
[Site "Biel"]
[Date "2024.07.16"]
[Round "1.27"]
[White "Gafner, Lancelot"]
[Black "Brandes, Stefan"]
[Result "1-0"]
[ECO "B12"]
[WhiteElo "1864"]
[BlackElo "1624"]
[Annotator "NA RC"]
[PlyCount "85"]
[EventDate "2024.07.03"]
[EventType "swiss"]
[EventCountry "SUI"]
[SourceTitle "playchess.com"]
[Source "ChessBase"]
[SourceQuality "1"]
[TimeControl "40/5400+30:1800+30"]

1. e4 c6 2. d4 d5 3. e5 Bf5 4. Nf3 e6 5. Be2 c5 6. Be3 Qb6 7. Nc3 Nc6 8. O-O c4 9. b3 Bb4 10. Na4 Qa5 11. a3 Bc3 12. Ra2 Bg4 13. Nxc3 Bxf3 14. b4 Bxe2 15. Qxe2 Qc7 16. Nb5 Qe7 17. Nd6+ Kd8 18. Qg4 f5 19. Qh3 Kc7 20. c3 h5 21. a4 g5 22. f4 gxf4 23. Bxf4 Qh7 24. a5 Nce7 25. b5 Ng6 26. Bg5 Nh6 27. Bxh6 Qxh6 28. Nf7 Qg7 29. Nxh8 Qxh8 30. b6+ axb6 31. axb6+ Kxb6 32. Rxa8 Qxa8 33. Qxh5 Nxe5 34. dxe5 Qa3 35. Qf3 Kc6 36. h4 b5 37. h5 b4 38. cxb4 Qxb4 39. h6 Qa4 40. Qh5 Qa7+ 41. Kh1 Qh7 42. Qe8+ Kc7 43. Qxe6 1-0

[Event "57th Biel Festival ATO 2024"]
[Site "Biel"]
[Date "2024.07.16"]
[Round "1.28"]
[White "Fernandez Van Raap, Marcela"]
[Black "Kuenzi, Anton"]
[Result "0-1"]
[ECO "B10"]
[WhiteElo "1613"]
[BlackElo "1862"]
[Annotator "NA RC"]
[PlyCount "72"]
[EventDate "2024.07.03"]
[EventType "swiss"]
[EventCountry "SUI"]
[SourceTitle "playchess.com"]
[Source "ChessBase"]
[SourceQuality "1"]
[TimeControl "40/5400+30:1800+30"]

1. e4 c6 2. c4 d5 3. cxd5 cxd5 4. e5 a6 5. d4 Nc6 6. Nc3 Bf5 7. a3 e6 8. Be3 Qb6 9. Qd2 Na5 10. Na4 Qd8 11. Qd1 b5 12. Nc5 Bxc5 13. dxc5 Nc4 14. Bd4 Ne7 15. b3 Qa5+ 16. b4 Qc7 17. Bxc4 dxc4 18. Nf3 Rd8 19. O-O Nc6 20. Ra2 Bd3 21. Ba1 Bxf1 22. Qxf1 O-O 23. Qe1 Rd3 24. h3 Rfd8 25. Qe4 h6 26. Ne1 Rd1 27. Kh2 R8d5 28. f4 Qd7 29. Bc3 Nd4 30. Qe3 Nf5 31. Qf2 h5 32. g4 hxg4 33. hxg4 Nh6 34. Qg3 R5d3 35. Nxd3 Kh7 36. Qg2 g6 0-1

[Event "57th Biel Festival ATO 2024"]
[Site "Biel"]
[Date "2024.07.16"]
[Round "1.29"]
[White "Jaggy, Enzo"]
[Black "Huber, Ruth"]
[Result "1-0"]
[ECO "A48"]
[WhiteElo "1835"]
[BlackElo "1612"]
[Annotator "NA RC"]
[PlyCount "47"]
[EventDate "2024.07.03"]
[EventType "swiss"]
[EventCountry "SUI"]
[SourceTitle "playchess.com"]
[Source "ChessBase"]
[SourceQuality "1"]
[TimeControl "40/5400+30:1800+30"]

1. d4 Nf6 2. Nf3 g6 3. e3 Bg7 4. Bc4 O-O 5. h3 d6 6. Nbd2 Nbd7 7. O-O c6 8. Re1 e5 9. dxe5 Nxe5 10. Nxe5 dxe5 11. e4 Bd7 12. Nf3 Ne8 13. Bg5 Qc7 14. Be7 Nd6 15. Bxf8 Kxf8 16. Bd3 Rd8 17. Qe2 Be6 18. Ng5 Bd7 19. Nxh7+ Ke7 20. Ng5 Ne8 21. Qe3 Nf6 22. Bc4 Bh6 23. Qc5+ Ke8 24. Bxf7# 1-0

[Event "57th Biel Festival ATO 2024"]
[Site "Biel"]
[Date "2024.07.16"]
[Round "1.30"]
[White "Harte, Bernd"]
[Black "Ernst, Heinz"]
[Result "1-0"]
[ECO "A00"]
[WhiteElo "1592"]
[BlackElo "1830"]
[Annotator "NA"]
[PlyCount "146"]
[EventDate "2024.07.03"]
[EventType "swiss"]
[EventCountry "SUI"]
[SourceTitle "playchess.com"]
[Source "ChessBase"]
[SourceQuality "1"]
[TimeControl "40/5400+30:1800+30"]

1. g4 d5 2. Bg2 c5 3. c4 e6 4. Nc3 dxc4 5. Qa4+ Bd7 6. Qxc4 Bc6 7. Bxc6+ Nxc6 8. Qb5 Qc7 9. Nf3 a6 10. Qa4 Nf6 11. g5 Nd7 12. d4 Nxd4 13. Nxd4 cxd4 14. Qxd4 Rd8 15. Qg4 Bd6 16. f4 Nb6 17. O-O Bc5+ 18. e3 Nc4 19. Qe2 Ba7 20. b3 Nd6 21. Bb2 O-O 22. Rac1 Qb8 23. Kg2 Nf5 24. Nd1 b5 25. Be5 Qb7+ 26. Kh3 Rc8 27. Rxc8 Rxc8 28. Qd3 Qd5 29. Qxd5 exd5 30. Re1 b4 31. Kg4 Ne7 32. Re2 Ng6 33. Bd6 a5 34. Rd2 Rd8 35. Bc7 Rd7 36. Bxa5 Bc5 37. Rc2 Bf8 38. Rc8 Ne7 39. Rc7 Rxc7 40. Bxc7 f5+ 41. gxf6 gxf6 42. Bd6 Nc6 43. Bxf8 Kxf8 44. Kf5 Kf7 45. Nb2 Ne7+ 46. Kg4 Ke6 47. Nd3 Nc6 48. f5+ Kf7 49. Kf4 Ke7 50. Ne1 Ne5 51. Nc2 Nd3+ 52. Kf3 Ne5+ 53. Ke2 Nc6 54. a3 bxa3 55. Nxa3 Kd6 56. Kd3 Ke5 57. Nc2 Kxf5 58. Nd4+ Nxd4 59. Kxd4 Ke6 60. e4 dxe4 61. Kxe4 h5 62. b4 h4 63. h3 f5+ 64. Kf4 Kf6 65. b5 Ke6 66. b6 Kd6 67. Kxf5 Kc6 68. Kg4 Kxb6 69. Kxh4 Kc6 70. Kg5 Kd7 71. Kg6 Ke7 72. Kg7 Ke6 73. h4 Kf5 1-0

[Event "57th Biel Festival ATO 2024"]
[Site "Biel"]
[Date "2024.07.16"]
[Round "1.31"]
[White "Nergard, Ole-Kristian"]
[Black "Kim Rian B"]
[Result "1-0"]
[ECO "A25"]
[WhiteElo "1830"]
[BlackElo "1592"]
[Annotator "NA RC"]
[PlyCount "51"]
[EventDate "2024.07.03"]
[EventType "swiss"]
[EventCountry "SUI"]
[SourceTitle "playchess.com"]
[Source "ChessBase"]
[SourceQuality "1"]
[TimeControl "40/5400+30:1800+30"]

1. c4 e5 2. g3 Nc6 3. Bg2 Nf6 4. Nc3 Bc5 5. d3 Ng4 6. e3 d6 7. Nf3 O-O 8. O-O f5 9. d4 Bb4 10. h3 Nf6 11. Nd5 Nxd5 12. cxd5 Ne7 13. dxe5 dxe5 14. Nxe5 Qd6 15. Nc4 Qc5 16. Qd3 Rd8 17. a3 Ba5 18. b4 Bxb4 19. axb4 Qb5 20. Ra5 Qd7 21. Bb2 b6 22. Qc3 Nxd5 23. Rxd5 Qe7 24. Rxd8+ Kf7 25. Qxg7+ Ke6 26. Bd5# 1-0

[Event "57th Biel Festival ATO 2024"]
[Site "Biel"]
[Date "2024.07.16"]
[Round "1.32"]
[White "Materia, Mario"]
[Black "Haas, Anthony"]
[Result "0-1"]
[ECO "D55"]
[WhiteElo "1590"]
[BlackElo "1824"]
[Annotator "NA"]
[PlyCount "150"]
[EventDate "2024.07.03"]
[EventType "swiss"]
[EventCountry "SUI"]
[SourceTitle "playchess.com"]
[Source "ChessBase"]
[SourceQuality "1"]
[TimeControl "40/5400+30:1800+30"]

1. d4 d5 2. c4 e6 3. Nc3 Nf6 4. Bg5 Be7 5. e3 O-O 6. Nf3 h6 7. Bf4 Bd6 8. Bxd6 Qxd6 9. Bd3 b6 10. O-O Bb7 11. Rc1 c5 12. Qe2 Nbd7 13. Rfd1 Qe7 14. e4 dxe4 15. Nxe4 Rfd8 16. dxc5 Nxc5 17. Nxc5 Qxc5 18. a3 a5 19. Qe5 Bxf3 20. Qxc5 bxc5 21. gxf3 Rab8 22. Rc2 Kf8 23. Rcd2 Rd4 24. Be2 e5 25. Rxd4 exd4 26. Rd2 g5 27. Kg2 Nh5 28. Bd1 Nf4+ 29. Kg3 f5 30. h4 Rb6 31. Ba4 Re6 32. Bd7 Re2 33. Rxe2 Nxe2+ 34. Kg2 Nf4+ 35. Kf1 Nd3 36. hxg5 hxg5 37. Bxf5 Nxb2 38. Be6 Ke7 39. Bd5 Nd3 40. Be4 Nf4 41. Ke1 Kd6 42. Kd2 Ke5 43. Bc6 Nh3 44. Ke2 Kf4 45. Kf1 Ke5 46. Ke2 Nf4+ 47. Kd2 Ng6 48. Be4 Nh4 49. Bc6 Kf4 50. Ke2 Ng6 51. Bb7 Ne5 52. Bd5 a4 53. Kd2 Nxf3+ 54. Ke2 Ne5 55. Kd2 Ng4 56. Ke2 d3+ 57. Kxd3 Nxf2+ 58. Ke2 Ne4 59. Bc6 g4 60. Kf1 Nd2+ 61. Kg2 Nxc4 62. Bxa4 Nxa3 63. Bb3 c4 64. Bxc4 Nxc4 65. Kf2 g3+ 66. Kg2 Ne3+ 67. Kg1 Kf3 68. Kh1 g2+ 69. Kg1 Nc2 70. Kh2 Kf2 71. Kh3 g1=Q 72. Kh4 Nd4 73. Kh5 Ne6 74. Kh6 Qg7+ 75. Kh5 Qg5# 0-1

[Event "57th Biel Festival ATO 2024"]
[Site "Biel"]
[Date "2024.07.16"]
[Round "1.33"]
[White "Kern, Jesper"]
[Black "Galopin, Clement"]
[Result "0-1"]
[ECO "E30"]
[WhiteElo "1569"]
[BlackElo "1816"]
[Annotator "NA"]
[PlyCount "120"]
[EventDate "2024.07.03"]
[EventType "swiss"]
[EventCountry "SUI"]
[SourceTitle "playchess.com"]
[Source "ChessBase"]
[SourceQuality "1"]
[TimeControl "40/5400+30:1800+30"]

1. d4 Nf6 2. c4 e6 3. Nc3 Bb4 4. Bg5 h6 5. Bf4 O-O 6. e3 b6 7. Bd3 Bxc3+ 8. bxc3 Bb7 9. Nf3 d6 10. O-O c5 11. Rc1 Nc6 12. a3 Rc8 13. Qe2 Nh5 14. Bg3 Nxg3 15. hxg3 Qe7 16. Rc2 Na5 17. Rb2 Ba6 18. Rfb1 cxd4 19. cxd4 Bxc4 20. Bxc4 Nxc4 21. Rb4 d5 22. Ne5 Nxe5 23. dxe5 Rc5 24. a4 Rfc8 25. Qd2 Qc7 26. f4 Rc2 27. Qd1 Qc3 28. R4b3 Qd2 29. Qxd2 Rxd2 30. R3b2 Rcc2 31. Rxc2 Rxc2 32. Ra1 Re2 33. Ra3 Rc2 34. Kh2 h5 35. Kh3 Kh7 36. a5 b5 37. a6 b4 38. Rb3 Rc4 39. Kh4 Kh6 40. g4 hxg4 41. Kxg4 Kh7 42. Kf3 Kg8 43. Kg4 Kf8 44. Kh5 Ke7 45. g4 d4 46. exd4 Rxd4 47. f5 Re4 48. Kg5 f6+ 49. exf6+ gxf6+ 50. Kh5 Rd4 51. fxe6 Rd5+ 52. Kh4 Rb5 53. Kg3 Kxe6 54. Kf4 Kd5 55. Ke3 Kc4 56. Rb1 Rb6 57. Kd2 Rxa6 58. Kc2 Ra2+ 59. Kc1 Rg2 60. Ra1 Rg1+ 0-1

[Event "57th Biel Festival ATO 2024"]
[Site "Biel"]
[Date "2024.07.16"]
[Round "1.34"]
[White "Noh, Jinwoo"]
[Black "Ahn, Taehyun"]
[Result "1-0"]
[ECO "A53"]
[WhiteElo "1824"]
[BlackElo "1583"]
[Annotator "NA"]
[PlyCount "99"]
[EventDate "2024.07.03"]
[EventType "swiss"]
[EventCountry "SUI"]
[SourceTitle "playchess.com"]
[Source "ChessBase"]
[SourceQuality "1"]
[TimeControl "40/5400+30:1800+30"]

1. d4 Nf6 2. Nf3 d6 3. c4 Nbd7 4. Nc3 c6 5. e3 Qc7 6. Be2 e5 7. O-O Be7 8. b3 O-O 9. Ba3 Nb6 10. Rc1 Rd8 11. Qc2 h6 12. h3 Be6 13. Rfd1 Rd7 14. Qb1 Rad8 15. Nd5 Nbxd5 16. cxd5 Bxd5 17. Bb2 Be4 18. Qa1 exd4 19. Bxd4 c5 20. Bc3 Bc6 21. Nd2 b5 22. a4 a6 23. axb5 axb5 24. Ba5 Ra8 25. Bxc7 Rxa1 26. Rxa1 Rxc7 27. Ra5 Rb7 28. Rda1 Bd8 29. Ra8 Rd7 30. Rc8 Bb7 31. Rb8 b4 32. Bb5 Rc7 33. Rxd8+ Kh7 34. Bd3+ g6 35. Rxd6 Kg7 36. Ra7 Nd7 37. Be4 Bxe4 38. Rxc7 Nf6 39. Rxf6 Kxf6 40. Nxe4+ Kg7 41. Rxc5 Kh7 42. g4 g5 43. f4 gxf4 44. exf4 Kg6 45. f5+ Kg7 46. Rc7 Kf8 47. f6 Kg8 48. g5 h5 49. g6 fxg6 50. Ng5 1-0

[Event "57th Biel Festival ATO 2024"]
[Site "Biel"]
[Date "2024.07.16"]
[Round "1.35"]
[White "Wolffs, Walter"]
[Black "Papaux, Jeremie"]
[Result "0-1"]
[ECO "C78"]
[WhiteElo "1544"]
[BlackElo "1814"]
[Annotator "NA"]
[PlyCount "82"]
[EventDate "2024.07.03"]
[EventType "swiss"]
[EventCountry "SUI"]
[SourceTitle "playchess.com"]
[Source "ChessBase"]
[SourceQuality "1"]
[TimeControl "40/5400+30:1800+30"]

1. e4 e5 2. Nf3 Nc6 3. Bb5 a6 4. Ba4 Nf6 5. O-O b5 6. Bb3 Bc5 7. c3 d6 8. d4 Bb6 9. h3 O-O 10. Bg5 h6 11. Bh4 Bb7 12. Nbd2 exd4 13. cxd4 Nxd4 14. Nxd4 Bxd4 15. Qc2 g5 16. Bg3 c5 17. Qd3 Bxb2 18. Rab1 Be5 19. Bc2 Nh5 20. a4 Nf4 21. Bxf4 gxf4 22. Nf3 Qf6 23. Nh2 Bc8 24. Rfd1 Qg7 25. Kh1 b4 26. Nf3 Be6 27. Nxe5 Qxe5 28. Qxd6 Qxd6 29. Rxd6 Rfb8 30. e5 b3 31. Be4 Ra7 32. Bd5 Bxd5 33. Rxd5 Rc7 34. a5 c4 35. Rd6 c3 36. Rb6 Rd8 37. Rd6 Rxd6 38. exd6 c2 39. Rc1 b2 40. dxc7 bxc1=Q+ 41. Kh2 Qh1+ 0-1

[Event "57th Biel Festival ATO 2024"]
[Site "Biel"]
[Date "2024.07.16"]
[Round "1.36"]
[White "Spaeti, Kurt"]
[Black "Kuenzli, Manuel"]
[Result "1-0"]
[ECO "C79"]
[WhiteElo "1804"]
[BlackElo "1542"]
[Annotator "NA RC"]
[PlyCount "55"]
[EventDate "2024.07.03"]
[EventType "swiss"]
[EventCountry "SUI"]
[SourceTitle "playchess.com"]
[Source "ChessBase"]
[SourceQuality "1"]
[TimeControl "40/5400+30:1800+30"]

1. e4 e5 2. Nf3 Nc6 3. Bb5 d6 4. d4 Bd7 5. O-O Nf6 6. Re1 a6 7. Ba4 Bg4 8. d5 b5 9. dxc6 bxa4 10. Nc3 Be7 11. Nxa4 O-O 12. Nc3 Qe8 13. Nd5 Rc8 14. c4 Bd8 15. Qa4 Bxf3 16. gxf3 Ra8 17. Be3 Qe6 18. Kg2 Nh5 19. Qd1 Qg6+ 20. Kh1 f5 21. Rg1 Qf7 22. f4 fxe4 23. fxe5 dxe5 24. Qg4 g6 25. Qxh5 Kh8 26. Qxe5+ Kg8 27. Bd4 Bh4 28. Qh8# 1-0

[Event "57th Biel Festival ATO 2024"]
[Site "Biel"]
[Date "2024.07.16"]
[Round "1.37"]
[White "Speerli, Maria"]
[Black "Gotti, Nicola"]
[Result "1/2-1/2"]
[ECO "C14"]
[WhiteElo "1540"]
[BlackElo "1804"]
[Annotator "NA RC"]
[PlyCount "63"]
[EventDate "2024.07.03"]
[EventType "swiss"]
[EventCountry "SUI"]
[SourceTitle "playchess.com"]
[Source "ChessBase"]
[SourceQuality "1"]
[TimeControl "40/5400+30:1800+30"]

1. d4 d5 2. Nc3 Nf6 3. Bg5 e6 4. e4 Be7 5. e5 Ne4 6. Bxe7 Qxe7 7. Nxe4 dxe4 8. c3 O-O 9. Qe2 f5 10. f3 Nc6 11. fxe4 Qh4+ 12. g3 Qxe4 13. Bg2 Qxe2+ 14. Nxe2 Bd7 15. O-O Rad8 16. Nf4 g5 17. Nd3 Kg7 18. Nc5 Bc8 19. Rad1 f4 20. gxf4 gxf4 21. Nd3 Rf5 22. Bxc6 bxc6 23. Rxf4 Rg5+ 24. Kf2 Kh8 25. Rg1 Rh5 26. h4 Rg8 27. Rfg4 Rf8+ 28. Ke3 Rhf5 29. Rf4 Ba6 30. Rxf5 Rxf5 31. Nc5 Bc8 32. a3 1/2-1/2

[Event "57th Biel Festival ATO 2024"]
[Site "Biel"]
[Date "2024.07.16"]
[Round "1.38"]
[White "Schaer, Bryan"]
[Black "Primbetova, Raikhan"]
[Result "1/2-1/2"]
[ECO "C02"]
[WhiteElo "1803"]
[BlackElo "1534"]
[Annotator "NA RC"]
[PlyCount "95"]
[EventDate "2024.07.03"]
[EventType "swiss"]
[EventCountry "SUI"]
[SourceTitle "playchess.com"]
[Source "ChessBase"]
[SourceQuality "1"]
[TimeControl "40/5400+30:1800+30"]

1. e4 e6 2. d4 d5 3. e5 c5 4. c3 Nc6 5. Nf3 Nge7 6. Bd3 Nf5 7. Bxf5 exf5 8. O-O Be7 9. Be3 Qb6 10. Qc2 O-O 11. Re1 Be6 12. Nbd2 Rac8 13. Nb3 cxd4 14. Nfxd4 Nxd4 15. Nxd4 Bc5 16. Qd2 Qa6 17. b4 Be7 18. a4 Qc4 19. Rac1 a5 20. bxa5 Qxa4 21. Ra1 Qc4 22. Ne2 Ra8 23. Reb1 Rfb8 24. Bb6 Bc5 25. Nd4 Bxb6 26. Rxb6 Ra6 27. Rb4 Qc5 28. Rb5 Qc7 29. Qd3 Qxe5 30. Rab1 Qc7 31. Nxf5 Bxf5 32. Qxf5 g6 33. Qxd5 Qxc3 34. h3 Rba8 35. Rxb7 Rf6 36. Rb8+ Rxb8 37. Rxb8+ Kg7 38. Rb1 Rf5 39. Qd1 Qxa5 40. Qd4+ Qe5 41. Qxe5+ Rxe5 42. f4 Re4 43. g3 Re2 44. Rf1 f5 45. Rf2 Rxf2 46. Kxf2 Kf6 47. Kf3 h6 48. g4 1/2-1/2

[Event "57th Biel Festival ATO 2024"]
[Site "Biel"]
[Date "2024.07.16"]
[Round "1.39"]
[White "Settegrana, Miro"]
[Black "Paholok, Igor"]
[Result "0-1"]
[ECO "C00"]
[WhiteElo "1532"]
[BlackElo "1801"]
[Annotator "NA RC"]
[PlyCount "100"]
[EventDate "2024.07.03"]
[EventType "swiss"]
[EventCountry "SUI"]
[SourceTitle "playchess.com"]
[Source "ChessBase"]
[SourceQuality "1"]
[TimeControl "40/5400+30:1800+30"]

1. e4 e6 2. b3 b6 3. Bb2 Bb7 4. Nc3 Nf6 5. d3 Bb4 6. a3 Be7 7. Be2 d5 8. e5 Nfd7 9. Nf3 c5 10. d4 Nc6 11. Bb5 cxd4 12. Bxc6 dxc3 13. Bxd7+ Qxd7 14. Bxc3 Ba6 15. a4 Rc8 16. Qd2 Qc7 17. Bd4 Qxc2 18. Qxc2 Rxc2 19. Kd1 Rc7 20. Rb1 Bb4 21. Ne1 Kd7 22. Nc2 Bd3 23. Rb2 Bc3 24. Bxc3 Rxc3 25. Nd4 Rhc8 26. Kd2 Bg6 27. Rd1 a6 28. Ke1 f6 29. exf6 gxf6 30. Ne2 Rc2 31. Rbb1 Rxe2+ 32. Kxe2 Bxb1 33. Rxb1 Rc2+ 34. Ke1 Kd6 35. Rd1 e5 36. Rd3 d4 37. Rf3 Ke6 38. Kd1 Rc7 39. Kd2 f5 40. b4 Rc4 41. Rb3 Kd5 42. f3 h5 43. h4 Rc7 44. g4 fxg4 45. fxg4 hxg4 46. Rg3 Rg7 47. h5 Kc4 48. b5 axb5 49. axb5 Kxb5 50. Kd3 Rh7 0-1

[Event "57th Biel Festival ATO 2024"]
[Site "Biel"]
[Date "2024.07.16"]
[Round "1.40"]
[White "Kim, Donghan"]
[Black "Hottinger Ieremia"]
[Result "1-0"]
[ECO "B94"]
[WhiteElo "1746"]
[BlackElo "1523"]
[Annotator "NA RC"]
[PlyCount "101"]
[EventDate "2024.07.03"]
[EventType "swiss"]
[EventCountry "SUI"]
[SourceTitle "playchess.com"]
[Source "ChessBase"]
[SourceQuality "1"]
[TimeControl "40/5400+30:1800+30"]

1. e4 c5 2. Nf3 d6 3. d4 cxd4 4. Nxd4 Nf6 5. Nc3 a6 6. Bg5 e5 7. Nb3 Be6 8. Bd3 Be7 9. Qd2 Nbd7 10. O-O O-O 11. Rad1 b5 12. a3 Rc8 13. f3 Bc4 14. Be3 Nb6 15. Qf2 Rb8 16. Rd2 Qc7 17. Rfd1 Rfd8 18. Kh1 d5 19. Bxb6 Rxb6 20. exd5 Bxd5 21. Nxd5 Nxd5 22. Bxh7+ Kh8 23. Rxd5 Rxd5 24. Rxd5 Kxh7 25. Qd2 Rd6 26. Qd3+ Kg8 27. Rxd6 Bxd6 28. h3 a5 29. Nd2 Qc5 30. Ne4 Qd4 31. Qxd4 exd4 32. Nxd6 b4 33. axb4 axb4 34. Nb5 b3 35. Nxd4 bxc2 36. Nxc2 f5 37. Kg1 Kf7 38. Kf2 Ke6 39. Ke3 g5 40. Kd4 Kd6 41. b4 Ke6 42. b5 Kd6 43. Kc4 Ke5 44. b6 Kf4 45. b7 Kg3 46. b8=Q+ Kxg2 47. Qg8 Kxf3 48. Qxg5 f4 49. Kd3 Kf2 50. Qg4 f3 51. Kd2 1-0

[Event "57th Biel Festival ATO 2024"]
[Site "Biel"]
[Date "2024.07.16"]
[Round "1.41"]
[White "Lee, Jinwoo A"]
[Black "Hofer, Friedrich"]
[Result "0-1"]
[ECO "D37"]
[WhiteElo "1621"]
[BlackElo "1798"]
[Annotator "NA RC"]
[PlyCount "42"]
[EventDate "2024.07.03"]
[EventType "swiss"]
[EventCountry "SUI"]
[SourceTitle "playchess.com"]
[Source "ChessBase"]
[SourceQuality "1"]
[TimeControl "40/5400+30:1800+30"]

1. d4 d5 2. c4 e6 3. Nc3 Be7 4. Nf3 Nf6 5. Bf4 O-O 6. Ne5 b6 7. g3 Bb7 8. Bg2 Nbd7 9. Qa4 Nxe5 10. Bxe5 a5 11. a3 Rc8 12. b4 axb4 13. axb4 Ra8 14. Qd1 Bxb4 15. Kd2 Ne4+ 16. Bxe4 dxe4 17. Rf1 f6 18. Bf4 Qxd4+ 19. Ke1 Bxc3+ 20. Bd2 Rxa1 21. Qxa1 Qxd2# 0-1

[Event "57th Biel Festival ATO 2024"]
[Site "Biel"]
[Date "2024.07.15"]
[Round "1.62"]
[White "Kheerthi Ganta"]
[Black "Winkelman, Albert"]
[Result "0-1"]
[ECO "D05"]
[WhiteElo "1987"]
[BlackElo "2243"]
[Annotator "RC"]
[PlyCount "90"]
[EventDate "2024.07.03"]
[EventType "swiss"]
[EventCountry "SUI"]
[SourceTitle "playchess.com"]
[Source "ChessBase"]
[SourceQuality "1"]
[TimeControl "40/5400+30:1800+30"]

1. d4 Nf6 2. Nf3 d5 3. e3 e6 4. Bd3 c5 5. b3 Nbd7 6. Bb2 b6 7. Nbd2 Bb7 8. O-O Be7 9. Ne5 O-O 10. f4 Ne4 11. Rf3 Ndf6 12. Rh3 g6 13. Ndf3 Ne8 14. Qe1 N8d6 15. Rd1 Qc7 16. c4 Rad8 17. dxc5 bxc5 18. Bxe4 Nxe4 19. cxd5 exd5 20. Ng4 h5 21. Nge5 Bc8 22. g4 Bf6 23. Rg3 hxg4 24. Nd2 Nxg3 25. hxg3 Bf5 26. Qe2 Bxe5 27. Bxe5 Qe7 28. Nf1 f6 29. Bb2 Kg7 30. Qa6 Rh8 31. Kf2 Rh1 32. Qc6 Be4 33. Qa6 Rdh8 34. Bc3 Bf3 35. Re1 R8h3 36. a3 Rh8 37. b4 cxb4 38. axb4 Rb8 39. Ra1 d4 40. Bxd4 Rxb4 41. Qd3 Be4 42. Qd1 Bb7 43. Rxa7 Qe4 44. Rxb7+ Qxb7 45. Qxg4 Rb1 0-1

[Event "57th Biel Festival ATO 2024"]
[Site "Biel"]
[Date "2024.07.15"]
[Round "1.63"]
[White "Jaggy, Matteo"]
[Black "Malli, Shiivesh Sunil"]
[Result "1-0"]
[ECO "D02"]
[WhiteElo "2211"]
[BlackElo "1916"]
[Annotator "RC"]
[PlyCount "149"]
[EventDate "2024.07.03"]
[EventType "swiss"]
[EventCountry "SUI"]
[SourceTitle "playchess.com"]
[Source "ChessBase"]
[SourceQuality "1"]
[TimeControl "40/5400+30:1800+30"]

1. d4 d5 2. Bf4 Nf6 3. e3 c5 4. c3 Nc6 5. Nd2 e6 6. Ngf3 Be7 7. Ne5 Nxe5 8. Bxe5 Bd7 9. Be2 Qb6 10. Qb3 c4 11. Qc2 Rc8 12. O-O O-O 13. g4 h6 14. Rab1 Qa5 15. Bxf6 Bxf6 16. f4 Ba4 17. Qc1 a6 18. Nf3 Bc6 19. Ra1 Qb6 20. h4 Be7 21. Rb1 Qa5 22. Ra1 Qb6 23. Rf2 f5 24. Rg2 Bd6 25. h5 Kh8 26. Nh4 Be8 27. Qc2 Qd8 28. Rh2 Be7 29. Ng2 Bd7 30. Kh1 b5 31. Rg1 a5 32. Ne1 Bf6 33. Rhg2 fxg4 34. Bxg4 Qe7 35. Bd1 Be8 36. Qe2 a4 37. a3 Qf7 38. Rh2 Qe7 39. Bc2 Bf7 40. Bb1 Bg8 41. Qc2 Qe8 42. Nf3 Rc7 43. Rh3 Qf7 44. Nh2 Qd7 45. Ng4 Qf7 46. Kh2 Re7 47. Rg2 Ra7 48. Kg1 Rc7 49. Nh2 Qe8 50. Nf3 Qe7 51. Qg6 Qf7 52. Qc2 Qe7 53. Rhg3 Qf7 54. Rh2 Qe7 55. Kg2 Ra7 56. Ng1 Rc7 57. Kh1 Qf7 58. Nf3 Qe7 59. Kg1 Ra7 60. Rg4 Qf7 61. Qf2 Qe7 62. Qg3 Rb7 63. Rg2 Ra7 64. Bc2 Rb7 65. Rg6 Bh7 66. Rg4 Bxc2 67. Rxc2 Qf7 68. Rg6 Re7 69. Rg2 Qe8 70. Nh2 Ref7 71. Ng4 Qe7 72. Nxf6 Rxf6 73. Rxg7 R8f7 74. Rg8+ Kh7 75. Rh8+ 1-0